 Dungeon Crawl Stone Soup version 0.29.0-4-gdea44cf6ec (webtiles) character file.

Game seed: 5925115805608990935

80 sanka the Ducker (level 4, 0/26 HPs)
             Began as a Deep Elf Gladiator on Aug 27, 2022.
             Slain by an adder (3 damage)
             ... on level 2 of the Dungeon.
             The game lasted 00:02:29 (1723 turns).

sanka the Ducker (Deep Elf Gladiator)               Turns: 1723, Time: 00:02:30

Health: 0/26       AC:  4    Str: 11    XL:     4   Next: 18%
Magic:  6/6        EV: 14    Int: 15    God:
Gold:   30         SH:  0    Dex: 16    Spells: 3/3 levels left

rFire   . . .      SeeInvis .   a - +0 long sword
rCold   . . .      Faith    .   (no shield)
rNeg    . . .      Spirit   .   j - +1 robe
rPois   .          Reflect  .   c - +0 helmet
rElec   .          Harm     .   (no cloak)
rCorr   +          Rampage  .   (no gloves)
Will    .....                   (no boots)
Stlth   +.........              (no amulet)
HPRegen 0.08/turn               g - ring of resist corrosion
MPRegen 0.10/turn               (no ring)

@: no status effects
A: no striking features
a: no special abilities


You were on level 2 of the Dungeon.
You visited 1 branch of the dungeon, and saw 2 of its levels.

You collected 30 gold pieces.

Inventory:

Hand Weapons
 a - a +0 long sword (weapon)
Missiles
 d - 3 throwing nets
 e - a javelin
 f - 5 silver javelins (quivered)
Armour
 c - a +0 helmet (worn)
 j - a +1 robe (worn)
Jewellery
 g - a ring of resist corrosion (left hand)
Scrolls
 b - a scroll of brand weapon {unknown}
 h - a scroll of butterflies {unknown}
 i - a scroll of noise {unknown}
 k - a scroll of teleportation {unknown}
 n - a scroll of immolation {unknown}
Potions
 l - a potion of brilliance {unknown}
 m - a potion of curing {unknown}


   Skills:
 - Level 2.2 Fighting
 + Level 3.2 Long Blades
 - Level 2.8 Throwing
 - Level 4.3 Dodging


You had 3 spell levels left.
You didn't know any spells.
Your spell library was empty.

Dungeon Overview and Level Annotations

Branches:
Dungeon (2/15)

Altars:
Cheibriados


Message History

The adder barely misses you.
Unknown command.
You miss the adder.
The adder is lightly wounded.
The adder barely misses you.
You barely miss the adder.
The adder is lightly wounded.
The adder bites you but does no damage. x2
Unknown command.
You closely miss the adder.
The adder is lightly wounded.
The adder closely misses you. The adder barely misses you.
Unknown command.
You miss the adder.
The adder is lightly wounded.
The adder bites you but does no damage.
Unknown command.
You closely miss the adder.
The adder is lightly wounded.
The adder bites you.
* * * LOW HITPOINT WARNING * * *
The adder bites you.
* * * LOW HITPOINT WARNING * * *
Unknown command.
You barely miss the adder.
The adder is lightly wounded.
The adder barely misses you.
Unknown command.
You hit the adder.
The adder is heavily wounded.
The adder bites you.
* * * LOW HITPOINT WARNING * * *
The adder completely misses you.
You miss the adder.
The adder is heavily wounded.
The adder barely misses you. The adder misses you.
You closely miss the adder.
The adder is heavily wounded.
The adder bites you.
You die...

.###.#.###### .#...#......# .#
.#.#......... .# .#.#......... .#
.#.#......... .#####
##.#.........####.#<..
.............+......
##.#.........#...S# #....
.#.#.[.......#..@.# #....
.#.######+####....# #.... .#.####
#.#..'....# #..####.... >.....#
#.#.##.†..# #..#.......
##....###.#.#.....# #..#.......
#.#...##.#.#.....#.# #..#.......
#<#......#.#######.###..#..[....
##.###..............##...........
...# ##.###.#######..............


You could see an adder.

Vanquished Creatures
  Jessica (D:2)
  An adder (D:2)
  8 endoplasms
  A giant cockroach (D:1)
  A goblin (D:1)
  3 hobgoblins
  2 jackals (D:1)
  7 kobolds
  A quokka (D:1)
  8 ball pythons
  4 bats
  2 frilled lizards (D:1)
  3 rats
  A spectral hobgoblin (D:1)
43 creatures vanquished.

Vanquished Creatures (others)
  5 fungi (D:2)
5 creatures vanquished.

Grand Total: 48 creatures vanquished

Notes
Turn   | Place    | Note
-------+----------+-------------------------------------------
     0 | D:1      | sanka the Deep Elf Gladiator began the quest for the Orb.
     0 | D:1      | Reached XP level 1. HP: 12/12 MP: 3/3
   128 | D:1      | Reached XP level 2. HP: 17/17 MP: 4/4
   510 | D:1      | Found a faded altar of an unknown god.
   536 | D:1      | Reached skill level 4 in Dodging
   814 | D:1      | Reached XP level 3. HP: 21/21 MP: 5/5
  1216 | D:2      | Found a snail-covered altar of Cheibriados.
  1226 | D:2      | Noticed Jessica
  1231 | D:2      | Killed Jessica
  1395 | D:2      | Reached XP level 4. HP: 26/26 MP: 6/6
  1723 | D:2      | Slain by an adder

Illustrated notes

Levels and vault maps discovered:
D:1:      dpeg_arrival_rooms_b, layout_loops_ring,
          dreamdust_ecumenical_altar_drowned_temple
D:2:      layout_basic, basic_altar, minmay_tromino_v4_c, uniq_jessica,
          uniq_crazy_yiuf_cottage

Skill      XL: |  1  2 |
---------------+-------+-----
Dodging        | 4 |  4.3
Fighting       | 2 |  2.2
Long Blades    | 3 |  3.2
Throwing       | |  2.8

Action                   |  1- 3 |  4- 6 || total
-------------------------+-------+-------++-------
Melee: Long sword        |    80 |    31 ||   111
       Punch             |       |     1 ||     1
Throw: Javelin           |     1 |       ||     1
 Stab: Sleeping          |     1 |       ||     1
Armor: Leather armour    |    16 |       ||    16
       Robe              |     3 |     6 ||     9
Dodge: Dodged            |    66 |    25 ||    91
